 Dungeon Crawl Stone Soup version 0.31.0 (webtiles) character file.

Game seed: 5951474285453612033

155 qw the Shooter (level 5, -3/32 HPs)
             Began as a Gargoyle Hunter on Jan 19, 2024.
             Slain by an orc
             ... wielding a +0 trident
              (8 damage)
             ... on level 3 of the Dungeon.
             The game lasted 00:00:08 (1527 turns).

qw the Shooter (Gargoyle Hunter)                    Turns: 1527, Time: 00:00:08

Health: -3/32      AC:  9    Str: 15    XL:     5   Next: 37%
Magic:  5/5        EV:  8    Int:  9    God:
Gold:   34         SH:  0    Dex: 15    Spells: 4/4 levels left

rFire   . . .        a - +0 shortbow (freeze)
rCold   . . .        (shield currently unavailable)
rNeg    + . .        d - +0 ring mail
rPois   inf          (no helmet)
rElec   +            (no cloak)
rCorr   .            (no gloves)
SInv    .            (no boots)
Will    .....        (no amulet)
Stlth   +            (no ring)
HPRegen 0.25/turn    (no ring)
MPRegen 0.09/turn

%: no passive effects
@: constricted
A: sickness immunity, AC +4, negative energy resistance 1, electricity
resistance, torment resistance 1, petrification resistance
a: no special abilities


You were on level 3 of the Dungeon.
You visited 1 branch of the dungeon, and saw 3 of its levels.

You collected 34 gold pieces.


Innate Abilities, Weirdness & Mutations

You are immune to sickness and miasma.
Your stone body is resilient. (AC +4)
You are immune to poison.
You resist negative energy. (rN+)
You are resistant to electric shocks. (rElec)
You are resistant to unholy torment.
You are immune to petrification.


   Skills:
 - Level 3.2 Fighting
 + Level 5.9 Ranged Weapons
 - Level 1.0 Armour
 - Level 1.5 Dodging
 - Level 1.1 Stealth


You had 4 spell levels left.
You didn't know any spells.
Your spell library was empty.

Inventory:

Hand Weapons
 a - a +0 shortbow of freezing (weapon)
Armour
 d - a +0 ring mail (worn)
Wands
 c - a wand of quicksilver (9)
Scrolls
 b - 2 scrolls of identify
Potions
 e - a potion of haste
 f - a potion of attraction {unknown}

Dungeon Overview and Level Annotations

Branches:
Dungeon (3/15)

Altars:
Xom


Message History

The orc hits you but does no damage. The adder barely misses you.
The orc hits you but does no damage.
The orc hits you from afar with a +0 trident.
You shoot an arrow. The arrow hits the adder.
The adder seems to slow down.
The arrow freezes the adder.
You kill the adder!
The orc throws a boomerang.
The boomerang misses you. The orc hits you but does no damage.
You shoot an arrow. The arrow barely misses the orc.
You hear a shout!
The orc hits you from afar with a +0 trident.
The orc closely misses you. The orc hits you but does no damage.
You shoot an arrow. The arrow closely misses the orc.
The orc barely misses you.
A kobold comes into view. It is wielding a +0 whip.
The orc hits you with a +0 dagger. The orc hits you with a +0 club.
You shoot an arrow. The arrow hits the orc.
The arrow freezes the orc.
The orc is heavily wounded.
You hear an angry hiss.
The orc throws a boomerang.
The boomerang hits you but does no damage.
The orc barely misses you. The orc misses you.
The orc throws a boomerang.
The boomerang barely misses you. The orc hits you with a +0 club.
The orc hits you but does no damage.
You shoot an arrow.
The arrow hits the orc but does no damage.
The orc is heavily wounded.
A ball python comes into view.
The orc throws a boomerang.
The boomerang closely misses you. The orc closely misses you. x2
You shoot an arrow. The arrow closely misses the orc.
The orc barely misses you. The orc hits you but does no damage.
The orc completely misses you.
You shoot an arrow. The arrow closely misses the orc.
The orc hits you but does no damage. x3
You shoot an arrow. The arrow closely misses the orc.
The ball python bites you but does no damage.
The ball python grabs you. The ball python constricts you.
The orc hits you from afar with a +0 trident!
You die...

..# ## ..).... #.##..
.........# #.# .#
.#.......# #.##.##.# #..
###########.......#...
.................##.##..
############.###K......#
##..# #oo......
#...###@# #......S#
#..#...o# #.........#
#....#..#....
#.......#..... ###....##
.... #.##.# .... #.##.#
...


You could see 3 orcs, a ball python and a kobold.

Vanquished Creatures
  An orc priest (D:3)
  4 gnolls (D:2)
  2 adders (D:3)
  2 ribbon worms (D:3)
  2 dart slugs
  6 ball pythons
  6 bats (D:1)
  4 endoplasms
  3 goblins (D:1)
  11 hobgoblins
  4 quokkas
  4 frilled lizards
  5 kobolds
  6 rats
60 creatures vanquished.

Notes
Turn   | Place    | Note
-------+----------+-------------------------------------------
     0 | D:1      | qw the Gargoyle Hunter began the quest for the Orb.
     0 | D:1      | Reached XP level 1. HP: 12/12 MP: 1/1
     0 | D:1      | 0 ||| qw: Version: 0.3-a-132-g3d54051
     0 | D:1      | 0 ||| qw: Game counter: 179
     0 | D:1      | 0 ||| qw: Melee chars always use a shield: true
     0 | D:1      | 0 ||| qw: God list: Okawaru
     0 | D:1      | 0 ||| qw: Allow faded altars: false
     0 | D:1      | 0 ||| qw: Do Orc after clearing Dungeon:15 true
     0 | D:1      | 0 ||| qw: Do second Lair branch before Depths: true
     0 | D:1      | 0 ||| qw: Lair rune preference: random
     0 | D:1      | 0 ||| qw: Goals: Normal
     0 | D:1      | 0 ||| PLANNING D:1-11
    66 | D:1      | Reached XP level 2. HP: 17/17 MP: 2/2
   417 | D:1      | Reached XP level 3. HP: 21/21 MP: 3/3
   461 | D:1      | Reached skill level 5 in Ranged Weapons
   661 | D:1      | 661 ||| READING scroll labelled XYGEUPHOMEH.
   662 | D:1      | 662 ||| READING scroll labelled VECAMOSYOJ.
   663 | D:1      | 663 ||| READING scroll labelled FORATS ENOOLI.
   663 | D:1      | 663 ||| IDENTIFYING scroll labelled XOCILE FIVEOKH
   664 | D:1      | 664 ||| READING scroll of brand weapon.
   664 | D:1      | 664 ||| BRANDING +0 shortbow.
   665 | D:1      | 665 ||| READING scroll labelled NUDUKA GENYOF.
   666 | D:1      | 666 ||| DROPPING scroll of butterflies.
   776 | D:2      | 776 ||| RETREEEEATING.
   787 | D:2      | Reached skill level 3 in Fighting
   787 | D:2      | Reached XP level 4. HP: 19/28 MP: 4/4
   792 | D:2      | 792 ||| FLEEEEING.
   800 | D:2      | 800 ||| STAIRDANCE
   872 | D:1      | 872 ||| READING scroll of identify.
   872 | D:1      | 872 ||| IDENTIFYING bubbling grey potion
   873 | D:1      | 873 ||| READING scroll labelled KEOFUV BANUI.
   873 | D:1      | 873 ||| ENCHANTING +0 shortbow of freezing.
   874 | D:1      | 874 ||| DROPPING potion of lignification.
  1084 | D:2      | Identified the +9 flail of Luxury {drain, rPois rN+++ rCorr
                  | Str+3}
  1151 | D:2      | Identified the +9 short sword of Jirph {venom, rF+ rN+}
  1153 | D:2      | 1153 ||| UPGRADING to +0 ring mail.
  1163 | D:2      | 1163 ||| DROPPING +0 leather armour.
  1164 | D:2      | 1164 ||| READING scroll of identify.
  1164 | D:2      | 1164 ||| IDENTIFYING bubbling green potion
  1394 | D:3      | Reached skill level 1 in Armour
  1394 | D:3      | Found a shimmering altar of Xom.
  1497 | D:3      | Reached XP level 5. HP: 32/32 MP: 5/5
  1522 | D:3      | HP: 8/32 [orc/+0 dagger (3)]
  1527 | D:3      | Slain by an orc

Levels and vault maps discovered:
D:1:      dpeg_arrival_stone_temple_mockup, layout_basic,
          minmay_misc_feat_more_columns, minmay_misc_feat_x
D:2:      layout_rooms
D:3:      layout_loops_cross, overflow_temple_1_default

Skill      XL: |  1  2  3  4 |
---------------+-------------+-----
Ranged Weapons | 5 |  5.9
Fighting       | 3 |  3.2
Armour         | 1 |  1.0
Dodging        | |  1.5
Stealth        | |  1.1

Action                     |  1- 3 |  4- 6 || total
---------------------------+-------+-------++-------
   Fire: Shortbow          |   100 |    71 ||   171
    Use: Scroll            |     5 |     3 ||     8
 Armour: Leather armour    |    19 |     3 ||    22
         Ring mail         |       |    32 ||    32
  Dodge: Dodged            |    24 |    31 ||    55

Table legend:
 A = Non-vault XP
 B = Vault XP
 C = Vault XP percentage of total XP
 D = Non-vault monster count
 E = Vault monster count
 F = Vault count percentage of total count
                 A         B        C        D         E       F
            +---------+---------+-------+---------+---------+-------
      Total |     222 |       0 |   0.0 |      60 |       0 |   0.0
            +---------+---------+-------+---------+---------+-------
        D:1 |      48 |       0 |   0.0 |      28 |       0 |   0.0
        D:2 |      83 |       0 |   0.0 |      19 |       0 |   0.0
        D:3 |      91 |       0 |   0.0 |      13 |       0 |   0.0
            +---------+---------+-------+---------+---------+-------
